 Dungeon Crawl Stone Soup version 0.31-a0-4-gefa6de2278 (webtiles) character file.

Game seed: 694433755756846635

6309 Aneyh the Carver (level 10, -5/71 HPs)
             Began as a Tengu Monk on May 3, 2023.
             Succumbed to barbed spike wounds
             ... on level 9 of the Dungeon.
             The game lasted 00:10:44 (7389 turns).

Aneyh the Carver (Tengu Monk)                       Turns: 7389, Time: 00:10:44

Health: -5/71      AC:  7    Str: 17    XL:     10   Next: 95%
Magic:  11/11      EV: 17    Int: 13    God:
Gold:   612        SH:  0    Dex: 27    Spells: 9/9 levels left

rFire   . . .        u - +1 falchion of Havoc {spect, Str+3 Int+3 Dex+2}
rCold   . . .        d - orb {light}
rNeg    . . .        b - +0 robe
rPois   .            (helmet restricted)
rElec   .            y - +0 cloak
rCorr   .            (no gloves)
SInv    .            (boots unavailable)
Will    .....        (no amulet)
Stlth   +            q - +6 ring of dexterity
HPRegen 0.31/turn    E - +4 ring of protection
MPRegen 0.12/turn

%: no passive effects
@: spiked, flying quickly and evasively, hasted, glowing, very quick
A: beak, talons 3, nimble flight
a: no special abilities


You were on level 9 of the Dungeon.
You visited 2 branches of the dungeon, and saw 10 of its levels.
You also visited: Ossuary.

You collected 612 gold pieces.

Inventory:

Hand Weapons
 a - a +0 falchion
 e - a +4 short sword of protection
 o - a +0 morningstar
 p - a +0 shortbow
 u - the +1 falchion of Havoc (weapon) {spect, Str+3 Int+3 Dex+2}
   (You found it on level 4 of the Dungeon)

   Str:       It affects your strength (+3).
   Int:       It affects your intelligence (+3).
   Dex:       It affects your dexterity (+2).
 F - a +3 dire flail
 G - a +0 trident
 Q - a +0 glaive of protection
 R - a +3 great sword
Missiles
 w - 6 poisoned darts (quivered)
 O - 2 javelins
Armour
 b - a +0 robe (worn)
 d - an orb of light (worn)
 y - a +0 cloak (worn)
Jewellery
 q - a +6 ring of dexterity (left hand)
 s - a +5 ring of evasion
 z - a ring of wizardry
 C - a +5 ring of evasion
 E - a +4 ring of protection (right hand)
 I - an amulet of the acrobat
 K - a +6 ring of dexterity
 L - a +6 ring of strength
Wands
 v - a wand of iceblast (10)
 M - a wand of paralysis (11)
 N - a wand of flame (28)
 P - a wand of digging (5)
Scrolls
 h - 2 scrolls of magic mapping {unknown}
 i - 2 scrolls of vulnerability {unknown}
 j - 10 scrolls of identify {unknown}
 m - 2 scrolls of amnesia {unknown}
 t - a scroll of enchant weapon {unknown}
 x - 7 scrolls of teleportation {unknown}
 A - 4 scrolls of immolation {unknown}
 B - a scroll of acquirement {unknown}
 J - a scroll of enchant armour {unknown}
 S - a scroll of torment {unknown}
Potions
 c - a potion of ambrosia
 f - 4 potions of mutation {unknown}
 g - 2 potions of berserk rage {unknown}
 k - a potion of brilliance {unknown}
 l - 3 potions of curing {unknown}
 n - a potion of haste
 r - 2 potions of flight {unknown}
 D - 3 potions of might {unknown}
 H - 4 potions of lignification {unknown}
 T - a potion of degeneration {unknown}


   Skills:
 * Level 12.0 Fighting
 + Level 12.6 Long Blades
 - Level 3.2 Dodging


You had 9 spell levels left.
You didn't know any spells.
Your spell library contained the following spells:

 Spells                   Type           Power      Damage    Failure   Level
 Freeze                   Ice            0%         1d3       30%         1
 Necrotise                Necr           0%         1d4       30%         1
 Sting                    Tmut/Pois      0%         1d3       30%         1
 Poisonous Vapours        Pois/Air       0%         N/A       43%         2
 Frozen Ramparts          Ice            0%         1d1       67%         3
 Hailstorm                Conj/Ice       0%         3d3       67%         3
 Vampiric Draining        Necr           0%         2d6       67%         3
 Ice Form                 Ice/Tmut       0%         N/A       97%         4
 Olgreb's Toxic Radiance  Pois           0%         N/A       97%         4
 Agony                    Necr           0%         N/A       100%        5
 Simulacrum               Ice/Necr       0%         N/A       100%        6


Dungeon Overview and Level Annotations

Branches:
Dungeon (9/15)             Temple (1/1) D:6         Ossuary (visited)
   Lair: D:8-11         Orc: D:9-12

Altars:
Ashenzari
Cheibriados
Dithmenos
Elyvilon
Gozag
Kikubaaqudgha
Nemelex Xobeh
Okawaru
Qazlal
Ru
Trog
Uskayaw
Vehumet
Wu Jian
Xom
Yredelemnul
Zin
The Shining One
Ignis

Shops:
D:1 [[(   D:2 =

Annotations:
D:7 1 runed translucent door, Crazy Yiuf


Innate Abilities, Weirdness & Mutations

You have a beak for a mouth.
You have claws for feet.
Your magical nature lets you fly swiftly and evasively.


Message History

You kill the howler monkey!
Your +1 falchion of Havoc {spect, Str+3 Int+3 Dex+2} disappears.
You hit the manticore.
You claw the manticore, but do no damage.
The manticore is lightly wounded.
Your +1 falchion of Havoc {spect, Str+3 Int+3 Dex+2} hits the manticore.
The manticore bites you!
* * * LOW HITPOINT WARNING * * *
The manticore closely misses you. The manticore claws you.
* * * LOW HITPOINT WARNING * * *
You hit the manticore. You peck the manticore.
The manticore is moderately wounded.
Your +1 falchion of Havoc {spect, Str+3 Int+3 Dex+2} hits the manticore.
You slash the manticore!
You claw the manticore, but do no damage.
The manticore is heavily wounded.
Your +1 falchion of Havoc {spect, Str+3 Int+3 Dex+2} hits the manticore but does no damage.
The manticore misses you. The manticore closely misses you.
The manticore misses you.
You hit the manticore.
The manticore is heavily wounded.
Your +1 falchion of Havoc {spect, Str+3 Int+3 Dex+2} hits the manticore!
You hit the manticore but do no damage.
The manticore is severely wounded.
Your +1 falchion of Havoc {spect, Str+3 Int+3 Dex+2} hits the manticore!
The manticore closely misses you. The manticore claws you.
* * * LOW HITPOINT WARNING * * *
The manticore completely misses you.
You hit the manticore.
You claw the manticore, but do no damage.
Your peck misses the manticore.
The manticore is almost dead.
Your +1 falchion of Havoc {spect, Str+3 Int+3 Dex+2} hits the manticore.
You kill the manticore!
Your Fighting skill increases to level 12!
The barbed spikes dig painfully into your body as you move.
* * * LOW HITPOINT WARNING * * *
Your +1 falchion of Havoc {spect, Str+3 Int+3 Dex+2} disappears.
The barbed spikes dig painfully into your body as you move.
You die...

######..........####>.###
#..........# #..# #..........#
#..# #..........# #..# #
#..........# #..# #..
#..........# #..# #..
#..........# #..# #..
#..........# #..#
####..#######..@.......####..###
............††..................
................................
...........#########..####......
......(....# ..# #......
...........# #..# #......
...........# #..# #..<...
...........# #..# #......
.......<...# #..# #......


There were no monsters in sight!

Vanquished Creatures
  A two-headed ogre (D:8)
  A manticore (D:9)
  Maggie (D:7)
  A hornet (D:9)
  A wyvern (D:8)
  Eustachio (D:4)
  6 yaks
  Grum (D:8)
  4 sky beasts
  2 ice beasts (D:7)
  2 ogres
  3 wolves
  3 centaurs
  A phantom (D:4)
  A kobold brigand (D:7)
  An elf zombie (Ossuary)
  A bullfrog (D:7)
  4 scorpions
  A gnoll sergeant (D:5)
  10 wights
  3 killer bees (D:8)
  3 howler monkeys (D:9)
  A centaur zombie (Ossuary)
  4 hounds
  A gnoll bouda (D:7)
  2 human zombies (Ossuary)
  2 orc priests (D:6)
  5 iguanas
  7 orc wizards
  A sleepcap (D:8)
  Natasha (thrice) (D:4)
  2 mummies (Ossuary)
  22 gnolls
  5 adders
  6 ufetubi
  A worm (D:3)
  2 dart slugs (D:1)
  14 orcs
  7 ball pythons
  3 bats
  4 endoplasms
  4 giant cockroaches
  7 goblins
  11 hobgoblins
  7 jackals (D:2)
  3 quokkas
  2 frilled lizards (D:2)
  3 gnoll zombies (Ossuary)
  2 goblin zombies (Ossuary)
  2 hobgoblin zombies (Ossuary)
  11 kobolds
  3 orc zombies (Ossuary)
  5 rats
204 creatures vanquished.

Notes
Turn   | Place    | Note
-------+----------+-------------------------------------------
     0 | D:1      | Aneyh the Tengu Monk began the quest for the Orb.
     0 | D:1      | Reached XP level 1. HP: 14/14 MP: 2/2
   105 | D:1      | Reached XP level 2. HP: 19/19 MP: 3/3
   235 | D:1      | Found Katant's Armour Boutique.
   263 | D:1      | Found Plog's Antique Weapon Shop.
   283 | D:1      | Reached XP level 3. HP: 24/24 MP: 4/4
   348 | D:1      | Found Xouthaer's Armour Boutique.
   819 | D:2      | Found a faded altar of an unknown god.
  1001 | D:2      | Found Yfuat's Jewellery Emporium.
  1009 | D:2      | Reached XP level 4. HP: 29/30 MP: 5/5
  1198 | D:2      | Reached skill level 5 in Fighting
  1460 | D:3      | You fall into a shaft and drop 1 floor!
  1465 | D:4      | Identified the +1 falchion of Havoc {spect, Str+3 Int+3
                  | Dex+2}
  1465 | D:4      | Noticed a phantom
  1483 | D:4      | Killed a phantom
  1484 | D:4      | Gained mutation: Your magical nature lets you fly swiftly
                  | and evasively. [Tengu growth]
  1484 | D:4      | Reached XP level 5. HP: 31/36 MP: 6/6
  1536 | D:4      | Reached XP level 6. HP: 41/41 MP: 7/7
  1559 | D:4      | Noticed Natasha
  1563 | D:4      | Killed Natasha
  1623 | D:4      | Noticed Natasha
  1627 | D:4      | Killed Natasha
  1897 | D:4      | Found a shadowy altar of Dithmenos.
  1909 | D:4      | Found a broken altar of Ashenzari.
  1992 | D:4      | Noticed Natasha
  1996 | D:4      | Killed Natasha
  2188 | D:4      | Noticed Eustachio
  2196 | D:4      | Killed Eustachio
  2197 | D:4      | Reached skill level 5 in Long Blades
  2197 | D:4      | Reached XP level 7. HP: 18/48 MP: 8/8
  2459 | D:5      | Entered Level 5 of the Dungeon
  2649 | D:6      | Reached XP level 8. HP: 48/54 MP: 9/9
  2711 | D:6      | Found a staircase to the Ecumenical Temple.
  2731 | Temple   | Entered the Ecumenical Temple
  2795 | D:6      | Found a sand-covered staircase.
  2800 | Ossuary  | Entered an ossuary
  3149 | D:6      | Noticed a yak
  3149 | D:6      | Noticed a yak
  3150 | D:6      | Noticed a yak
  3162 | D:6      | Killed a yak
  3167 | D:6      | Killed a yak
  3172 | D:6      | Killed a yak
  3178 | D:6      | Reached XP level 9. HP: 47/60 MP: 10/10
  3709 | D:7      | Noticed Maggie
  4147 | D:5      | Reached skill level 10 in Fighting
  4420 | D:5      | Found a bloodstained altar of Trog.
  4517 | D:7      | Reached skill level 10 in Long Blades
  4750 | D:7      | Reached XP level 10. HP: 39/68 MP: 11/11
  5152 | D:7      | Killed Maggie
  5406 | D:7      | Found a runed translucent door.
  5407 | D:7      | Noticed Crazy Yiuf
  5877 | D:8      | Found a sparkling altar of Nemelex Xobeh.
  5889 | D:8      | Noticed Grum
  6041 | D:8      | Found a glowing golden altar of the Shining One.
  6181 | D:8      | Noticed a two-headed ogre
  6221 | D:8      | Killed a two-headed ogre
  6373 | D:8      | Killed Grum
  6964 | D:8      | Found a sacrificial altar of Ru.
  7359 | D:9      | Noticed a manticore
  7387 | D:9      | Killed a manticore
  7388 | D:9      | HP: 1/71 [barbs]
  7389 | D:9      | Succumbed to barbed spike wounds

Illustrated notes

Levels and vault maps discovered:
D:1:      psy_arrival_whirlpool, layout_loops_ring, serial_shops,
          shop_fountains, shop, nicolae_shop_waterfront
D:2:      layout_basic, serial_shops, shop,
          chequers_ecumenical_altar_simple_redux
D:3:      layout_basic, nicolae_overflow_hidden_temple,
          mainiacjoe_overflow_big_doors, mainiacjoe_overflow_boulevard,
          uniq_jessica, uniq_robin
D:4:      layout_basic, cheibrodos_ashenzari_chains,
          nicolae_dithmenos_through_a_glass_darkly, uniq_eustachio, uniq_natasha
D:5:      layout_gridville, lemuel_doored_altar
D:6:      layout_basic, minmay_temple_entry_tees, enter_ossuary_5
D:7:      layout_basic, uniq_maggie, uniq_crazy_yiuf_cottage
D:8:      layout_basic, amcnicky_altar_gilded, nicolae_ru_the_path_less_chosen,
          general_overflow_altar, uniq_grum
D:9:      layout_small_grid, minmay_misc_feat_columns, uniq_harold
Temple:   ebering_untended_altars

Skill      XL: |  1  2  3  4  5  6  7  8  9 10 |
---------------+-------------------------------+-----
Fighting       | 4 5 6 7 8 9 10 12 | 12.0
Long Blades    | 4 5 8 10 12 | 12.6
Dodging        | |  3.2

Action                     |  1- 3 |  4- 6 |  7- 9 | 10-12 || total
---------------------------+-------+-------+-------+-------++-------
  Melee: Short sword       |    71 |    17 |       |       ||    88
         Kick              |    13 |    13 |    80 |    45 ||   151
         Falchion          |     2 |    36 |   195 |   110 ||   343
         Peck              |    10 |     8 |    61 |    20 ||    99
  Throw: Javelin           |       |       |     2 |       ||     2
         Dart              |       |       |       |    15 ||    15
    Use: Potion            |       |       |       |     2 ||     2
   Stab: Distracted        |       |       |     2 |     3 ||     5
 Armour: Robe              |    19 |     4 |    21 |    22 ||    66
  Dodge: Dodged            |    55 |    36 |   131 |    81 ||   303

Table legend: (Time is in decaauts)
 A = Elapsed time spent in this place.
 B = Non-inter-level travel time spent in this place.
 C = Inter-level travel time spent in this place.
 D = Time resting spent in this place.
 E = Time spent auto-exploring this place.
 F = Levels seen in this place.
 G = Mean time per level.
                   A        B        C        D        E       F      G
               +--------+--------+--------+--------+--------+-----+--------+
         Total |   6969 |   6739 |    230 |    835 |   4671 |  11 |  633.5 |
       Dungeon |   6710 |   6480 |    230 |    730 |   4613 |   9 |  745.6 |
        Temple |     31 |     31 |      0 |      0 |      0 |   1 |   31.0 |
       Ossuary |    228 |    228 |      0 |    105 |     58 |   1 |  228.0 |
               +--------+--------+--------+--------+--------+-----+--------+

Top non-repeatable levels by time:
     D:8: 1385 daAuts
     D:7: 1375 daAuts
     D:4: 1040 daAuts
     D:2: 762 daAuts
     D:6: 709 daAuts
     D:1: 683 daAuts
     D:5: 617 daAuts
 Ossuary: 228 daAuts
     D:9: 129 daAuts
  Temple: 31 daAuts
     D:3: 5 daAuts
